General information
			
			
        
        - name: BNet
 
        - type: Ladder team game (AT/RT)
 
        - host: Battle.net
 
        - saver: i.Lose
 
        
map: Highperch 
        - players: 6
 
        - length: 20:16
 
        - speed: Fast
 - version: 1.22 W3XP
 - replay type:  Public
 
» download(122 KB)
Players
        team 1 (loser) 
              
              
iNt]Spree (
teal | 57 APM | 1152 actions | 20:13)
              
 3 Warden 
 2 Shadow Strike
 1 Blink
 
                » actions 
                
                | Assign group hotkey | 243 |  | 
| Basic commands | 4 |  | 
| Build / train | 47 |  | 
| ESC pressed | 5 |  | 
| Enter build submenu | 20 |  | 
| Enter hero's abilities submenu | 3 |  | 
| Right click | 454 |  | 
| Select / deselect | 200 |  | 
| Select group hotkey | 93 |  | 
| Use ability | 83 |  | 
                1152 total
 » units 
                
                | Wisp | 26 |  | 
| Glaive Thrower | 6 |  | 
| Faerie Dragon | 1 |  | 
| Hippogryph | 5 |  | 
| Chimaera | 1 |  | 
                39 total
 » upgrades
                
                | Vorpal Blades | 1 |  | 
| Strength of the Wild | 1 |  | 
                2 total
 » buildings
                
                | Altar of Elders | 1 |  | 
| Moon Well | 5 |  | 
| Hunter's Hall | 1 |  | 
| Ancient Protector | 5 |  | 
| Ancient of War | 1 |  | 
| Tree of Ages | 1 |  | 
| Ancient of Wonders | 1 |  | 
| Tree of Life | 1 |  | 
| Ancient of Wind | 1 |  | 
| Tree of Eternity | 1 |  | 
| Chimaera Roost | 2 |  | 
                20 total
 » build order
                00:03 Altar of Elders
00:16 Moon Well
01:32 Moon Well
02:04 Hunter's Hall
02:39 Moon Well
03:08 Ancient Protector
03:28 Ancient Protector
03:31 Moon Well
03:50 Ancient Protector
04:37 Ancient of War
04:43 Tree of Ages
04:51 Ancient of Wonders
05:13 Moon Well
05:18 Ancient Protector
06:36 Tree of Life
06:48 Ancient Protector
08:11 Ancient of Wind
08:33 Tree of Eternity
11:02 Chimaera Roost
11:08 Chimaera Roost
 
               
              
              
PROVENTHEORY (
green | 50 APM | 999 actions | 20:03)
              
 2 Blademaster 
 1 Wind Walk
 1 Critical Strike
 1 Goblin Tinker 
 1 Pocket Factory
 
                » actions 
                
                | Assign group hotkey | 30 |  | 
| Basic commands | 23 |  | 
| Build / train | 40 |  | 
| Enter build submenu | 21 |  | 
| Enter hero's abilities submenu | 8 |  | 
| Give item / drop item | 3 |  | 
| Right click | 443 |  | 
| Select / deselect | 126 |  | 
| Select group hotkey | 249 |  | 
| Use ability | 56 |  | 
                999 total
 » units 
                
                | Peon | 10 |  | 
| Troll Batrider | 5 |  | 
| Wind Rider | 1 |  | 
                16 total
 » upgrades
                
                | Ranged Weapons | 2 |  | 
| Reinforced Defenses | 1 |  | 
                3 total
 » buildings
                
                | Altar of Storms | 1 |  | 
| Orc Burrow | 5 |  | 
| War Mill | 1 |  | 
| Voodoo Lounge | 1 |  | 
| Watch Tower | 8 |  | 
| Stronghold | 3 |  | 
| Fortress | 1 |  | 
| Beastiary | 3 |  | 
                23 total
 » build order
                00:06 Altar of Storms
00:18 Orc Burrow
00:50 War Mill
01:13 Voodoo Lounge
01:43 Orc Burrow
02:34 Watch Tower
02:35 Watch Tower
03:03 Orc Burrow
03:26 Stronghold
03:39 Watch Tower
03:40 Watch Tower
04:20 Watch Tower
04:39 Orc Burrow
06:25 Fortress
06:27 Beastiary
06:30 Beastiary
06:48 Watch Tower
06:51 Watch Tower
06:55 Beastiary
07:28 Watch Tower
08:27 Orc Burrow
17:14 Stronghold
» items
                
                | Healing Salve | 2 |  | 
| Lesser Clarity Potion | 1 |  | 
| Scroll of Speed | 1 |  | 
| Tiny Great Hall | 1 |  | 
| Orb of Lightning | 1 |  | 
| Staff of Teleportation | 1 |  | 
                7 total
  
               
              
              
» 
ShunnedParadigm (
pink | 93 APM | 1313 actions | 14:04)
              
 1 Keeper of the Grove 
 1 Entangling Roots
 
                » actions 
                
                | Assign group hotkey | 76 |  | 
| Basic commands | 47 |  | 
| Build / train | 34 |  | 
| ESC pressed | 1 |  | 
| Enter build submenu | 15 |  | 
| Enter hero's abilities submenu | 1 |  | 
| Right click | 762 |  | 
| Select / deselect | 151 |  | 
| Select group hotkey | 172 |  | 
| Use ability | 54 |  | 
                1313 total
 » units 
                
                | Wisp | 16 |  | 
| Glaive Thrower | 4 |  | 
| Hippogryph | 3 |  | 
                23 total
 » upgrades
                
                | Strength of the Moon | 1 |  | 
| Nature's Blessing | 1 |  | 
| Vorpal Blades | 1 |  | 
| Strength of the Wild | 1 |  | 
                4 total
 » buildings
                
                | Altar of Elders | 1 |  | 
| Moon Well | 4 |  | 
| Hunter's Hall | 1 |  | 
| Ancient of War | 1 |  | 
| Ancient Protector | 3 |  | 
| Tree of Ages | 1 |  | 
| Ancient of Wonders | 2 |  | 
| Ancient of Wind | 2 |  | 
| Tree of Eternity | 1 |  | 
                16 total
 » build order
                00:04 Altar of Elders
00:17 Moon Well
01:31 Hunter's Hall
01:57 Ancient of War
02:02 Moon Well
03:05 Ancient Protector
03:48 Ancient Protector
03:51 Ancient Protector
04:30 Tree of Ages
05:23 Moon Well
07:50 Ancient of Wonders
07:58 Ancient of Wonders
08:24 Ancient of Wind
08:46 Ancient of Wind
08:47 Tree of Eternity
09:49 Moon Well
 
               team 2 (winner) 
              
              
HAt.fm (
orange | 123 APM | 2495 actions | 20:14)
              
 4 Keeper of the Grove 
 2 Entangling Roots
 2 Thorns Aura
 
                » actions 
                
                | Assign group hotkey | 24 |  | 
| Basic commands | 225 |  | 
| Build / train | 101 |  | 
| ESC pressed | 8 |  | 
| Enter build submenu | 33 |  | 
| Enter hero's abilities submenu | 4 |  | 
| Remove unit from queue | 6 |  | 
| Right click | 847 |  | 
| Select / deselect | 290 |  | 
| Select group hotkey | 889 |  | 
| Use ability | 68 |  | 
                2495 total
 » units 
                
                | Wisp | 49 |  | 
| Huntress | 11 |  | 
| Glaive Thrower | 2 |  | 
| Dryad | 4 |  | 
| Archer | 4 |  | 
                70 total
 » upgrades
                
                | Ultravision | 1 |  | 
| Strength of the Moon | 1 |  | 
| Moon Armor | 1 |  | 
| Vorpal Blades | 1 |  | 
| Strength of the Wild | 1 |  | 
                5 total
 » buildings
                
                | Altar of Elders | 1 |  | 
| Moon Well | 6 |  | 
| Ancient of Wonders | 1 |  | 
| Hunter's Hall | 1 |  | 
| Ancient of War | 2 |  | 
| Tree of Life | 4 |  | 
| Tree of Ages | 2 |  | 
| Ancient of Lore | 2 |  | 
| Tree of Eternity | 2 |  | 
| Ancient Protector | 8 |  | 
                29 total
 » build order
                00:02 Altar of Elders
00:17 Moon Well
00:46 Ancient of Wonders
01:55 Hunter's Hall
02:00 Ancient of War
02:29 Ancient of War
02:49 Moon Well
03:03 Moon Well
05:30 Moon Well
07:58 Tree of Life
09:02 Tree of Ages
09:02 Tree of Ages
09:58 Tree of Life
10:25 Moon Well
11:38 Tree of Life
11:58 Ancient of Lore
12:03 Ancient of Lore
14:22 Tree of Life
15:43 Tree of Eternity
15:43 Tree of Eternity
15:45 Moon Well
16:06 Ancient Protector
16:07 Ancient Protector
16:09 Ancient Protector
16:41 Ancient Protector
18:41 Ancient Protector
19:25 Ancient Protector
19:26 Ancient Protector
19:50 Ancient Protector
» items
                
                | Lesser Clarity Potion | 2 |  | 
| Dust of Appearance | 1 |  | 
                3 total
  
               
              
              
i.Lose (
yellow | 58 APM | 1185 actions | 20:16)
              
 3 Priestess of the Moon 
 1 Searing Arrows
 2 Trueshot Aura
 
                » actions 
                
                | Assign group hotkey | 11 |  | 
| Build / train | 47 |  | 
| Enter build submenu | 14 |  | 
| Enter hero's abilities submenu | 3 |  | 
| Right click | 636 |  | 
| Select / deselect | 181 |  | 
| Select group hotkey | 269 |  | 
| Use ability | 24 |  | 
                1185 total
 » units 
                
                | Wisp | 14 |  | 
| Huntress | 7 |  | 
| Glaive Thrower | 3 |  | 
| Hippogryph | 18 |  | 
                42 total
 » buildings
                
                | Altar of Elders | 1 |  | 
| Moon Well | 5 |  | 
| Hunter's Hall | 1 |  | 
| Ancient of War | 2 |  | 
| Tree of Ages | 1 |  | 
| Ancient of Wind | 3 |  | 
                13 total
 » build order
                00:08 Altar of Elders
00:20 Moon Well
01:25 Hunter's Hall
01:41 Ancient of War
02:23 Moon Well
02:35 Ancient of War
05:34 Moon Well
05:51 Tree of Ages
06:30 Moon Well
07:26 Moon Well
18:08 Ancient of Wind
18:12 Ancient of Wind
18:20 Ancient of Wind
 
               
              
              
L1ChMyNuts (
blue | 68 APM | 1383 actions | 20:14)
              
 5 Death Knight 
 3 Death Coil
 2 Unholy Aura
 4 Lich 
 2 Frost Nova
 2 Frost Armor
 
                » actions 
                
                | Assign group hotkey | 26 |  | 
| Basic commands | 123 |  | 
| Build / train | 53 |  | 
| Enter build submenu | 18 |  | 
| Enter hero's abilities submenu | 9 |  | 
| Give item / drop item | 4 |  | 
| Right click | 567 |  | 
| Select / deselect | 206 |  | 
| Select group hotkey | 305 |  | 
| Use ability | 72 |  | 
                1383 total
 » units 
                
                | Acolyte | 6 |  | 
| Ghoul | 3 |  | 
| Crypt Fiend | 9 |  | 
| Obsidian Statue | 4 |  | 
| Frost Wyrm | 2 |  | 
| Gargoyle | 4 |  | 
                28 total
 » upgrades
                
                | Creature Attack | 3 |  | 
| Burrow | 1 |  | 
| Web | 1 |  | 
| Creature Carapace | 1 |  | 
| Destroyer Form | 1 |  | 
| Freezing Breath | 1 |  | 
                8 total
 » buildings
                
                | Graveyard | 1 |  | 
| Crypt | 1 |  | 
| Ziggurat | 9 |  | 
| Altar of Darkness | 1 |  | 
| Tomb of Relics | 1 |  | 
| Nerubian Tower | 1 |  | 
| Halls of the Dead | 1 |  | 
| Slaughterhouse | 1 |  | 
| Black Citadel | 1 |  | 
| Sacrificial Pit | 1 |  | 
| Boneyard | 3 |  | 
                21 total
 » build order
                00:06 Graveyard
00:09 Crypt
00:16 Ziggurat
00:27 Altar of Darkness
01:04 Tomb of Relics
01:08 Nerubian Tower
01:55 Ziggurat
03:41 Halls of the Dead
04:45 Ziggurat
05:19 Ziggurat
06:49 Slaughterhouse
08:03 Black Citadel
09:48 Ziggurat
09:56 Ziggurat
11:57 Sacrificial Pit
12:18 Ziggurat
13:33 Boneyard
13:54 Boneyard
14:09 Boneyard
14:12 Ziggurat
15:27 Ziggurat
» items
                
                | Rod of Necromancy | 1 |  | 
| Dust of Appearance | 1 |  | 
| Potion of Healing | 1 |  | 
                3 total
  
                Chat log
          (00:35 / Allies) i.Lose: ugh i hate this map
(00:39 / Allies) i.Lose: bad exploits
(02:27 / Allies) i.Lose: OMFG
(02:38 / Allies) HAt.fm: roll with it
(02:38 / Allies) L1ChMyNuts: ..
(02:40 / Allies) L1ChMyNuts: its ok
(02:42 / Allies) L1ChMyNuts: just deal
(02:43 / Allies) HAt.fm: harass
(06:31 / Allies) HAt.fm: mass towers
(07:01 / Allies) HAt.fm: more towers
(07:32 / Allies) HAt.fm: even more towers
(07:37 / Allies) L1ChMyNuts: balistas
(07:38 / Allies) i.Lose: they're gonna high perch us
(07:40 / Allies) L1ChMyNuts: and we need to hit soon
(07:44 / Allies) L1ChMyNuts: leave a wisp at each gold mine
(08:14 / Allies) HAt.fm: least towers
(08:16 / Allies) HAt.fm: worst position
(08:19 / Allies) L1ChMyNuts: balistas asap
(11:07 / Allies) L1ChMyNuts: tree
(11:08 / Allies) L1ChMyNuts: tree
(11:08 / Allies) L1ChMyNuts: tree
(11:57 / Allies) i.Lose: nvm
(11:58 / Allies) i.Lose: thats you
(12:14 / Allies) L1ChMyNuts: wisps pls
(12:23 / Allies) HAt.fm: bm killed TT
(13:57 / Allies) i.Lose: they high perched us
(13:59 / Allies) L1ChMyNuts: wtf kind of strat is this
(13:59 / Allies) i.Lose: i have a feeling
(14:04 / All) ShunnedParadigm: GG
(14:09 / Allies) i.Lose: they built a 
(14:11 / Allies) i.Lose: nevermind
(14:11 / Allies) i.Lose: LOL
(14:47 / All) i.Lose: were you gonna try to high perch us? O_o
(16:30 / Allies) i.Lose: if they perced us we're gonna needs lots of frost wyrms
(17:29 / Allies) L1ChMyNuts: ugh
(17:45 / Allies) i.Lose: i knew it
(17:46 / Allies) i.Lose: LOL
(17:47 / Allies) HAt.fm: i saw this coming
(17:48 / All) i.Lose: ROFL
(17:53 / All) i.Lose: HIGH PERCHING IS PROSU
(18:06 / All) L1ChMyNuts: you guys are really good at this game
(18:12 / Allies) L1ChMyNuts: hippos
(18:15 / Allies) L1ChMyNuts: ive got 5 wyrms
(18:34 / Allies) i.Lose: gotta be quick before they mass towers up there
(18:36 / Allies) i.Lose: or its gg
(18:41 / Allies) i.Lose: actually nfvm
(18:43 / Allies) i.Lose: they have no expo
(18:45 / Allies) L1ChMyNuts: i cant go in right now
(18:51 / Allies) L1ChMyNuts: they have too many hippos
(18:55 / Allies) L1ChMyNuts: maybe i can, i'll check
(18:57 / All) i.Lose: the point of high perching is to DRAIN all the expo mines before you do it
(18:58 / All) i.Lose: gg.
(19:59 / Allies) i.Lose: support inc
(20:02 / All) PROVENTHEORY: hackers
(20:03 / All) L1ChMyNuts: you are really terrible at this game
(20:07 / All) i.Lose: LOL HACKERS?
(20:09 / All) HAt.fm: hah
(20:11 / All) L1ChMyNuts: fucking morons
(20:13 / All) L1ChMyNuts: leave my game right now